 Dungeon Crawl Stone Soup version 0.23.2-30-g0e89c35649 (webtiles) character file.

Game seed: 13286393822327214946

153 doot the Gusty (level 5, 0/28 HPs)
             Began as a Tengu Air Elementalist on June 25, 2019.
             Succumbed to a worker ant's poison
             ... on level 3 of the Dungeon.
             The game lasted 00:07:49 (2374 turns).

doot the Gusty (Tengu Air Elementalist)             Turns: 2374, Time: 00:07:50

Health: 0/28       AC:  2    Str:  6 (9)  XL:     5   Next: 35%
Magic:  0/10       EV: 15    Int: 15 (16) God:
Gold:   118        SH:  0    Dex: 12 (14) Spells: 5/10 levels left

rFire    . . .     SeeInvis .   d - -2 short sword (curse)
rCold    . . .     Gourm    .   (no shield)
rNeg     . . .     Faith    .   a - +0 robe
rPois    .         Spirit   .   (helmet restricted)
rElec    .         Reflect  .   (no cloak)
rCorr    .         Harm     .   (no gloves)
MR       .....                  (boots unavailable)
Stlth    ++........             (no amulet)
HPRegen  0.09/turn              (no ring)
MPRegen  0.12/turn              (no ring)

@: lethally poisoned (0 -> -15), flying quickly and evasively, quick
A: beak, talons 3, able to fly
a: Stop Flying


You were on level 3 of the Dungeon.
You were hungry.

You visited 1 branch of the dungeon, and saw 4 of its levels.

You collected 118 gold pieces.

Inventory:

Hand Weapons
 d - a cursed -2 short sword (weapon)
Armour
 a - a +0 robe (worn)
Scrolls
 b - 4 scrolls of identify {unknown}
 e - 5 scrolls of remove curse {unknown}
 f - 5 scrolls of teleportation {unknown}
 h - a scroll of magic mapping {unknown}
 i - a scroll of noise {unknown}
Comestibles
 c - 4 rations
 j - a chunk of flesh


   Skills:
 + Level 2.6 Dodging
 + Level 2.3 Stealth
 + Level 3.0 Spellcasting
 + Level 3.9 Conjurations
 + Level 5.3 Air Magic


You had 5 spell levels left.
You knew the following spells:

 Your Spells              Type           Power        Failure   Level  Hunger
a - Shock                 Conj/Air       ###.         3%          1    #......
b - Airstrike             Air            ###.......   22%         4    #####..

Your spell library contained the following spells:

 Spells                   Type           Power        Failure   Level  Hunger
 Static Discharge         Conj/Air       ###.....     9%          3    ###....
 Swiftness                Chrm/Air       ##......     10%         2    ##.....
 Lightning Bolt           Conj/Air       ###.......   63%         5    ######.


Dungeon Overview and Level Annotations

Branches:
Dungeon (4/15)
 Temple: D:4-7

Altars:
Sif Muna

Annotations:
D:2 Sigmund


Innate Abilities, Weirdness & Mutations

You have a beak for a mouth.
You have claws for feet.
You can fly continuously.


Message History

You feel sick.
* * * LOW HITPOINT WARNING * * *
You feel sick.
* * * LOW HITPOINT WARNING * * *
You feel sick.
Casting: Shock (safe; 3% risk of failure)
Confirm with . or Enter, or press ? or * to list all spells.
Aiming: Shock (safe; 3% risk of failure)
Press: ? - help, Shift-Dir - straight line, f/p - worker ant
Aim: a worker ant (almost dead)
The zap hits the worker ant.
The worker ant is almost dead.
* * * LOW HITPOINT WARNING * * *
You feel sick. The worker ant bites you.
* * * LOW HITPOINT WARNING * * *
Unknown command.
You are feeling hungry.
You hit the worker ant.
You kill the worker ant!
You die...

...........).#
##.#
############.#
#..# #.# #.##
#.# #.# #.#
#.# #.# #.#
##.###.#
##...##†#
##.....#@#
#........#
#........#
.........##
####.....##
#.....#
.....#.#
##.###.# #. ..


There were no monsters in sight!

Vanquished Creatures
  An orc wizard (D:3)
  A worker ant (D:3)
  Robin (D:2)
  3 gnolls
  An ooze (D:2)
  A worm (D:2)
  4 dart slugs
  A leopard gecko (D:3)
  2 orcs (D:3)
  A ball python (D:1)
  10 goblins
  8 hobgoblins
  5 bats
  5 frilled lizards
  2 kobolds (D:2)
  7 rats
53 creatures vanquished.

Notes
Turn   | Place    | Note
-------+----------+-------------------------------------------
     0 | D:1      | doot the Tengu Air Elementalist began the quest for the
                  | Orb.
     0 | D:1      | Reached XP level 1. HP: 10/10 MP: 4/4
   208 | D:1      | Reached XP level 2. HP: 15/15 MP: 1/6
   837 | D:1      | Reached XP level 3. HP: 19/19 MP: 1/7
  1571 | D:2      | Noticed Sigmund
  1626 | D:2      | Reached skill level 5 in Air Magic
  1630 | D:2      | Noticed Robin
  1635 | D:2      | Reached XP level 4. HP: 22/24 MP: 1/8
  1666 | D:2      | Killed Robin
  1827 | D:2      | Learned a level 4 spell: Airstrike
  2048 | D:3      | Found a deep blue altar of Sif Muna.
  2228 | D:4      | Gained mutation: You can fly continuously. [Tengu growth]
  2228 | D:4      | Reached XP level 5. HP: 18/28 MP: 2/10
  2373 | D:3      | HP: 1/28 [worker ant (1)]
  2374 | D:3      | Succumbed to a worker ant's poison

Skill      XL: |  1  2  3  4  5 |
---------------+----------------+-----
Conjurations   | 2 3 |  3.9
Air Magic      | 5 |  5.3
Spellcasting   | 3 |  3.0
Dodging        | |  2.6
Stealth        | |  2.3

Action                   |  1- 3 |  4- 6 || total
-------------------------+-------+-------++-------
Melee: Short sword       |     1 |     4 ||     5
       Peck              |     1 |     1 ||     2
       Kick              |       |     2 ||     2
 Cast: Shock             |    65 |    39 ||   104
       Airstrike         |       |     3 ||     3
 Abil: Fly               |       |     1 ||     1
  Use: Potion            |       |     1 ||     1
  Eat: Chunk             |     3 |     3 ||     6
Dodge: Dodged            |     2 |    11 ||    13
